 Dungeon Crawl Stone Soup version 0.23-a0-554-gd3cbc8420a (webtiles) character file.

531840 spawnfightdierepeat the Impregnable (level 24, -7/238 HPs)
             Began as a Minotaur Fighter on Dec 9, 2018.
             Was a High Priest of Okawaru.
             Killed from afar by an electric golem (25 damage)
             ... with a bolt of lightning
             ... on level 2 of the Realm of Zot on Dec 10, 2018.
             The game lasted 05:44:48 (56997 turns).

spawnfightdierepeat the Impregnable (MiFi)         Turns: 56997, Time: 05:44:49

Health: -7/238     AC: 35    Str: 27    XL:     24   Next: 45%
Magic:  26/26      EV: 26    Int: 16    God:    Okawaru [*****.]
Gold:   2905       SH: 23    Dex: 32    Spells: 23/23 levels left

rFire    + + .     SeeInvis +   g - +8 war axe "Gusmeqani" {venom, *Drain rF+ Dex+6}
rCold    + + .     Gourm    .   T - +4 shield of Love and Death {rN++ Int+2 SInv Stlth+}
rNeg     + + .     Faith    .   l - +3 gold dragon scales
rPois    +         Spirit   .   (helmet unavailable)
rElec    .         Reflect  +   V - scarf {cloud immunity}
rCorr    .         Harm     .   s - +1 pair of gloves of Lamnoth {MR+ Str+2}
MR       +++..     Rnd*Tele +   h - +2 pair of boots
Stlth    ..........             R - amulet "Damuant" {Reflect Int+4 Dex+5 SH+2 SInv}
HPRegen  0.49/turn              N - +6 ring of dexterity
MPRegen  0.20/turn              M - ring of protection from magic

@: berserk cooldown, slowed, very slow
A: retaliatory headbutt, horns 3, blurry vision 1, clever 2, clumsy 1, cold
resistance 1, teleportitis 1, wild magic 1
}: 3/15 runes: serpentine, barnacled, silver
a: Heroism, Finesse, Renounce Religion


You were on level 2 of the Realm of Zot.
You worshipped Okawaru.
Okawaru was extremely pleased with you.
You were not hungry.

You visited 9 branches of the dungeon, and saw 44 of its levels.
You also visited: Sewer and Bailey.

You collected 4909 gold pieces.
You spent 2004 gold pieces at shops.

Inventory:

Hand Weapons
 g - the +8 war axe "Gusmeqani" (weapon) {venom, *Drain rF+ Dex+6}
   (Okawaru gifted it to you on level 5 of the Depths)

   It poisons the flesh of those it strikes.
   It affects your dexterity (+6).
   It protects you from fire.
   It causes draining when unequipped.
 H - a +2 broad axe of chaos
 P - a +9 broad axe of flaming
Missiles
 d - 11 silver javelins (quivered)
 Y - 4 javelins of penetration
Armour
 h - a +2 pair of boots (worn)
 l - +3 gold dragon scales (worn)
 s - the +1 pair of gloves of Lamnoth (worn) {MR+ Str+2}
   (Okawaru gifted it to you on level 4 of the Shoals)

   It affects your strength (+2).
   It affects your resistance to hostile enchantments.
 x - the +15 Maxwell's patent armour {-Cast -Tele rElec MR+ rCorr}
   (You found it on level 6 of the Lair of Beasts)

   It insulates you from electricity.
   It affects your resistance to hostile enchantments.
   It prevents spellcasting.
   It prevents most forms of teleportation.
   It provides partial protection from all sources of acid and corrosion.
 B - the +5 fire dragon scales of Vapics {-Cast rPois rF++ rC- Int+6}
   (You bought it in a shop on level 8 of the Dungeon)

   It affects your intelligence (+6).
   It greatly protects you from fire.
   It makes you vulnerable to cold.
   It protects you from poison.
   It prevents spellcasting.
 T - the +4 shield of Love and Death (worn) {rN++ Int+2 SInv Stlth+}
   (Okawaru gifted it to you on level 2 of the Orcish Mines)

   It affects your intelligence (+2).
   It greatly protects you from negative energy.
   It lets you see invisible.
   It makes you more stealthy.
 V - a scarf of cloud immunity (worn)
Jewellery
 y - an uncursed ring of resist corrosion
 J - an uncursed ring of flight
 M - a ring of protection from magic (right hand)
 N - a +6 ring of dexterity (left hand)
 R - the amulet "Damuant" (around neck) {Reflect Int+4 Dex+5 SH+2 SInv}
   (You acquired it on level 5 of the Lair of Beasts)

   [amulet of reflection]

   It shields you and reflects attacks.
   It affects your intelligence (+4).
   It affects your dexterity (+5).
   It lets you see invisible.
   It affects your SH (+2).
Wands
 c - a wand of paralysis (30)
 E - a wand of acid (14)
 G - a wand of iceblast (25)
 I - a wand of digging (21)
Scrolls
 e - 20 scrolls of teleportation
 j - 7 scrolls of magic mapping
 p - 10 scrolls of identify
 t - 7 scrolls of fear
 u - 5 scrolls of fog
 w - 25 scrolls of remove curse
 z - 2 scrolls of holy word
 C - 3 scrolls of amnesia
 F - 2 scrolls of summoning
Potions
 b - a potion of flight
 i - 5 potions of magic
 k - 9 potions of curing
 m - a potion of haste
 n - 4 potions of lignification
 A - 2 potions of might
 L - 2 potions of cancellation
 O - 2 potions of berserk rage
 Q - 2 potions of ambrosia
 U - 3 potions of agility
 W - 2 potions of invisibility
Miscellaneous
 a - a fan of gales
 o - a lamp of fire (inert)
 v - a phantom mirror
 S - a phial of floods
 X - a lightning rod (4/4)
Comestibles
 f - 21 rations


   Skills:
 + Level 24.0 Fighting
 + Level 19.0(19.7) Axes
   Level 10.0(15.6) Polearms
 + Level 24.1 Armour
 + Level 22.2 Dodging
 - Level 17.1 Shields
 - Level 5.7 Invocations
 - Level 6.2 Evocations


You had 23 spell levels left.
You didn't know any spells.
Your spell library contained the following spells:

 Spells                   Type           Power        Failure   Level  Hunger
 Animate Skeleton         Necr           N/A          95%         1    ##.....
 Beastly Appendage        Tmut           #.....       95%         1    ##.....
 Confusing Touch          Hex            #.....       95%         1    ##.....
 Flame Tongue             Conj/Fire      #....        95%         1    ##.....
 Pain                     Necr           #...         95%         1    ##.....
 Sandblast                Erth           #.....       95%         1    ##.....
 Shock                    Conj/Air       #...         95%         1    ##.....
 Sting                    Conj/Pois      #...         95%         1    ##.....
 Ensorcelled Hibernation  Hex/Ice        #.....       98%         2    ###....
 Passwall                 Tmut/Erth      #.......     98%         2    ###....
 Poisonous Vapours        Pois/Air       #.....       98%         2    ###....
 Sticks to Snakes         Tmut           #.......     98%         2    ###....
 Swiftness                Chrm/Air       #.......     98%         2    ###....
 Throw Flame              Conj/Fire      #.....       98%         2    ###....
 Confuse                  Hex            #.......     100%        3    ####...
 Conjure Flame            Conj/Fire      #.......     100%        3    ####...
 Gell's Gravitas          Tloc           #.........   100%        3    ####...
 Inner Flame              Hex/Fire       #.......     100%        3    ####...
 Mephitic Cloud           Conj/Pois/Air  #.......     100%        3    ####...
 Regeneration             Chrm/Necr      #.........   100%        3    ####...
 Spider Form              Tmut/Pois      #.........   100%        3    ####...
 Static Discharge         Conj/Air       #.......     100%        3    ####...
 Stone Arrow              Conj/Erth      #.....       100%        3    ####...
 Vampiric Draining        Necr           #.........   100%        3    ####...
 Airstrike                Air            #.........   100%        4    #####..
 Animate Dead             Necr           N/A          100%        4    #####..
 Ice Form                 Ice/Tmut       #.......     100%        4    #####..
 Olgreb's Toxic Radiance  Pois           #.......     100%        4    #####..
 Petrify                  Tmut/Erth      #.......     100%        4    #####..
 Sticky Flame             Conj/Fire      #.......     100%        4    #####..
 Blade Hands              Tmut           #.........   100%        5    ######.
 Borgnjor's Vile Clutch   Necr/Erth      #.........   100%        5    ######.
 Fireball                 Conj/Fire      #.........   100%        5    ######.
 Irradiate                Conj/Tmut      #.........   100%        5    ######.
 Lee's Rapid Deconstruct  Erth           #.........   100%        5    ######.
 Lightning Bolt           Conj/Air       #.........   100%        5    ######.
 Metabolic Englaciation   Hex/Ice        #.........   100%        5    ######.
 Silence                  Hex/Air        #.........   100%        5    ######.
 Venom Bolt               Conj/Pois      #.........   100%        5    ######.
 Yara's Violent Unravell  Hex/Tmut       #.........   100%        5    ######.
 Bolt of Cold             Conj/Ice       #.........   100%        6    #######
 Darkness                 Hex            #.........   100%        6    #######
 Freezing Cloud           Conj/Ice/Air   #.........   100%        6    #######
 Hydra Form               Tmut           #.........   100%        6    #######
 Ozocubu's Refrigeration  Ice            #.........   100%        6    #######
 Shadow Creatures         Summ           N/A          100%        6    #######
 Simulacrum               Ice/Necr       #.........   100%        6    #######
 Statue Form              Tmut/Erth      #........    100%        6    #######
 Dragon Form              Tmut           #.........   100%        7    #######


Dungeon Overview and Level Annotations

Branches:
Dungeon (15/15)            Temple (1/1) D:5            Lair (6/6) D:11
 Shoals (4/4) Lair:2        Snake (4/4) Lair:4        Slime (0/5) Lair:5
    Orc (2/2) D:11            Elf (0/3) Orc:2        Vaults (5/5) D:14
  Crypt (0/3) Vaults:3     Depths (5/5) D:15            Zot (2/5) Depths:5

Altars:
Ashenzari
Cheibriados
Dithmenos
Elyvilon
Fedhas
Gozag
Hepliaklqana
Kikubaaqudgha
Makhleb
Nemelex Xobeh
Okawaru
Qazlal
Ru
Sif Muna
Trog
Uskayaw
Vehumet
Wu Jian
Xom
Yredelemnul
Zin
The Shining One
Beogh
Jiyva

Shops:
D:5 *   D:6 ?   D:8 [   D:12 :   Orc:1 :%(!*   Orc:2 =(*[   Shoals:1 ?
Shoals:3 *   Snake:4 *[   Vaults:1 [*   Vaults:2 (   Vaults:4 (   Vaults:5 ==
Depths:5 }=}

Portals:
Hell: Depths:1 Depths:2 Depths:3 Depths:5
Abyss: Depths:1
Pandemonium: Depths:3
Ziggurat: Depths:5

Annotations:
D:5 2 transporters, neozumm's ghost, novice MfGl


Innate Abilities, Weirdness & Mutations

You reflexively headbutt those who attack you in melee.
You have a pair of large horns on your head.
Scrolls take you a little longer to read.
Your mind is very acute. (Int +4)
You are clumsy. (Dex -2)
Your flesh is cold resistant. (rC+)
You are occasionally teleported next to monsters.
Your spells are a little harder to cast, but a little more powerful.


Message History

The electric golem is engulfed in blazing flames.
You block the electric golem's attack. x4
You feel your anger nearly subside.
The electric golem is engulfed in blazing flames. x2
The electric golem completely misses you.
You block the electric golem's attack. The electric golem misses you.
You block the electric golem's attack.
You are no longer berserk.
You are exhausted.
You feel yourself slow down. You block the storm dragon's attack.
The storm dragon claws you but does no damage.
The storm dragon barely misses you.
The electric golem is engulfed in blazing flames.
You hear a deafening roar!
The yellow draconian is engulfed in blazing flames.
The electric golem hurls lightning at you.
The bolt of lightning hits you!
* * * LOW HITPOINT WARNING * * *
The bolt of lightning hits you!
You die...

.#.. ).. ....#
##.........##
.....##.#.......#.##
.....[... ......#.#
...^..... .(.....#
........####...#..#
................#
....##@.8D.y[.#
....#.#.D§q?.## #
......##§.d§d[#.##
.......<§§##q....#
#.....#..##.#..##..#
.#.....#.##...####...
#.......)8.......# ..
.#.#..###.......#.#
..... #..##.#.#


You could see an electric golem, a shadow dragon (berserk), a purple draconian
monk (berserk), a storm dragon (berserk), a yellow draconian (berserk), a red
draconian (berserk), a red draconian scorcher and a moth of wrath.

Vanquished Creatures
  An orb of fire (Zot:1)
  Saint Roka (Vaults:4)
  3 golden dragons
  Jory (Depths:5)
  Nikola (Snake:4)
  6 tentacled monstrosities
  Rupert (Vaults:2)
  4 liches
  9 titans
  4 quicksilver dragons
  3 death cobs (Zot:1)
  2 krakens
  Gastronok (Lair:2)
  A sphinx (Vaults:5)
  7 shadow dragons
  7 storm dragons
  12 nagarajas
  6 fire giants
  6 tengu reavers
  5 draconian monks
  26 vault wardens
  An iron dragon (Vaults:5)
  3 draconian knights
  3 frost giants
  2 draconian scorchers (Zot:1)
  An orc warlord (D:11)
  Louise (D:15)
  A deep elf sorcerer (Vaults:5)
  The ghost of hemabe the Covert, a journeyman HuAr of Trog (Lair:5)
  3 draconian shifters
  2 draconian stormcallers (Zot:1)
  31 very ugly things
  12 ironheart preservers
  A war gargoyle (Vaults:5)
  14 stone giants
  3 vampire knights
  3 draconian annihilators
  2 deep elf demonologists
  2 entropy weavers
  3 spriggan defenders
  5 green draconians (Zot:1)
  2 pale draconians (Depths:5)
  7 black draconians
  A deep elf annihilator (Vaults:5)
  6 dire elephants (Lair:6)
  3 white draconians (Zot:1)
  6 red draconians
  6 purple draconians
  5 spark wasps
  The ghost of Kriby the Destroyer, a journeyman OpEE of Vehumet (Lair:6)
  4 yellow draconians (Depths:5)
  A deep elf death mage (Vaults:5)
  A blizzard demon (Depths:3)
  4 merfolk javelineers
  19 ettins
  6 merfolk impalers
  Erolcha (Orc:1)
  Josephine (D:10)
  20 yaktaur captains
  7 fire dragons
  9 great orbs of eyes
  11 naga warriors
  A hydra (shapeshifter) (Vaults:4)
  Harold (D:11)
  3 deep elf high priests (Vaults:5)
  7 ogre magi
  8 rakshasas
  The ghost of YoungGLord the Earth Mage, a journeyman GrEE of Vehumet (D:10)
  5 ice dragons
  A spriggan air mage (Depths:2)
  40 vault guards
  A catoblepas (Lair:5)
  6 centaur warriors
  5 hydras
  A merfolk aquamancer (Shoals:4)
  Erica (D:11)
  2 merfolk avatars
  8 anacondas
  3 death knights (Vaults:3)
  6 tengu warriors
  21 two-headed ogres
  10 deep troll shamans
  16 naga sharpshooters
  5 shock serpents
  3 spriggan berserkers
  2 vampire magi
  10 deep troll earth magi
  Sonja (D:11)
  2 orc high priests
  3 iron trolls (Depths:2)
  3 shadow wraiths
  14 sea snakes
  7 salamander mystics
  8 naga ritualists
  2 unseen horrors
  A storm dragon skeleton (Vaults:5)
  A flayed ghost (Depths:4)
  Pikel (D:7)
  A wizard (Vaults:3)
  4 glowing orange brains
  4 phantasmal warriors (Vaults:5)
  5 deep elf archers
  22 ironbrand convokers
  30 deep trolls
  22 harpies
  A harpy (shapeshifter) (D:15)
  2 wolf spiders (Vaults:1)
  3 necromancers
  19 orc knights
  5 deep elf magi
  50 ugly things
  5 orc sorcerers
  14 fauns
  9 mana vipers
  A manticore (shapeshifter) (Vaults:1)
  2 oklob plants (Lair:3)
  12 salamanders
  15 cyclopes
  A stone giant zombie (Vaults:4)
  11 moths of wrath
  7 manticores
  3 centaur zombies
  6 guardian serpents
  A rust devil (Depths:3)
  A black mamba (shapeshifter) (Depths:2)
  42 black mambas
  19 vault sentinels
  Joseph (D:8)
  An eye of devastation (Depths:4)
  10 merfolk sirens
  13 naga magi
  Maurice (D:8)
  A smoke demon (Depths:5)
  12 elephants
  A guardian serpent (shapeshifter) (D:14)
  7 water nymphs
  2 torpor snails
  12 spiny frogs
  2 gargoyles
  An ice devil (Depths:3)
  7 komodo dragons
  A yaktaur (shapeshifter) (Vaults:2)
  48 yaktaurs
  A hellwing (Depths:5)
  2 red devils (Depths:3)
  3 tengu conjurers
  5 freezing wraiths
  A redback zombie (D:12)
  36 merfolk
  A queen bee (Lair:5)
  4 meliai
  2 jumping spiders (shapeshifter)
  6 hornets
  A tengu simulacrum (Vaults:3)
  A polar bear (shapeshifter) (Vaults:5)
  A wind drake (shapeshifter) (Vaults:3)
  5 wind drakes
  11 trolls
  A sphinx simulacrum (Vaults:5)
  17 slime creatures
  9 hippogriffs
  A raiju (shapeshifter) (Vaults:3)
  15 dream sheep
  A blink frog (shapeshifter) (Vaults:2)
  4 blink frogs (Lair:4)
  A meliai zombie (D:11)
  9 snapping turtles
  4 redbacks
  6 spriggans
  4 wyverns
  50 yaks
  3 tarantellas
  A shadow (D:15)
  An ettin skeleton (Vaults:4)
  A spriggan (shapeshifter) (Vaults:3)
  A ynoxinul (Depths:3)
  16 water elementals
  8 wraiths
  An elf zombie (Vaults:5)
  A golden eye (shapeshifter) (Depths:2)
  3 steam dragons (Depths:5)
  A yak (shapeshifter) (Vaults:3)
  A hog (shapeshifter) (D:15)
  3 hungry ghosts
  A fire bat (shapeshifter) (Vaults:5)
  6 hogs (Shoals:3)
  4 basilisks
  9 wargs
  Edmund (D:5)
  3 vampire mosquitoes (D:13)
  44 nagas
  A soldier ant (shapeshifter) (D:15)
  A soldier ant (D:12)
  11 water moccasins
  5 porcupines
  A water moccasin (shapeshifter) (Depths:5)
  5 acid dragons
  A deep troll skeleton (Vaults:4)
  2 black bears
  4 sky beasts
  Purgy (D:4)
  55 orc warriors
  2 eyes of draining
  3 ice beasts
  A phantom (D:5)
  16 ogres
  A necrophage (D:11)
  4 wolves (Lair:4)
  10 boggarts
  8 centaurs
  12 crocodiles
  3 big kobolds
  13 bullfrogs
  A wyvern zombie (D:11)
  A glowing shapeshifter simulacrum (Vaults:4)
  A water moccasin zombie (D:6)
  2 scorpions
  2 wyvern skeletons
  A water moccasin skeleton (D:6)
  3 human simulacra
  39 killer bees
  28 wights
  7 howler monkeys
  2 electric eels (Lair:1)
  4 crimson imps
  A bullfrog zombie (D:11)
  5 hounds
  2 iron imps
  35 orc priests
  3 jellies
  3 bullfrog skeletons
  Ijyb (D:4)
  4 iguanas
  7 worker ants
  29 orc wizards
  A worker ant (shapeshifter) (Vaults:5)
  2 killer bee zombies
  2 hound zombies
  A hound skeleton (D:4)
  A howler monkey skeleton (D:9)
  13 gnolls
  25 adders
  6 river rats (Sewer)
  8 shadow imps
  An adder skeleton (D:4)
  5 worms
  A dart slug (D:1)
  6 leopard geckos
  124 orcs
  6 giant cockroaches
  9 goblins
  10 hobgoblins
  13 jackals
  5 quokkas
  11 ball pythons (Sewer)
  3 bats
  12 frilled lizards
  A jackal skeleton (D:7)
  21 kobolds
  A leopard gecko skeleton (D:4)
  A quokka skeleton (D:7)
  27 rats
  2 bushes (D:5)
  A butterfly (Lair:6)
  9 fungi
  11 plants
  4 tentacles
1964 creatures vanquished.

Vanquished Creatures (collateral kills)
  A stone giant (Depths:2)
  A deep troll (Depths:2)
2 creatures vanquished.

Vanquished Creatures (others)
  Kirke (Shoals:3)
  A fire giant (Vaults:2)
  A stone giant (Depths:2)
  Nessos (D:15)
  5 merfolk javelineers
  A yaktaur captain (Vaults:4)
  A centaur warrior (Vaults:2)
  2 satyrs
  3 naga sharpshooters
  2 deep elf archers (Vaults:2)
  2 cyclopes
  2 fauns
  A naga mage (Snake:4)
  18 yaktaurs
  A merfolk (Shoals:4)
  2 acid dragons (Depths:5)
  A naga (Snake:1)
  A boggart (Depths:2)
  6 centaurs
  A quasit (Depths:3)
  An orc wizard (Vaults:4)
  An adder (D:11)
  A shadow imp (Depths:3)
  2 orcs (Orc:1)
  A bush (Lair:6)
  20 fungi
  29 plants
  23 tentacles
131 creatures vanquished.

Grand Total: 2097 creatures vanquished

Notes
Turn   | Place    | Note
-------+----------+-------------------------------------------
     0 | D:1      | spawnfightdierepeat the Minotaur Fighter began the quest
                  | for the Orb.
     0 | D:1      | Reached XP level 1. HP: 19/19 MP: 0/0
    74 | D:1      | Reached XP level 2. HP: 27/27 MP: 1/1
   545 | D:2      | Reached XP level 3. HP: 24/33 MP: 2/2
   784 | D:2      | Reached skill level 1 in Dodging
   844 | D:2      | Reached XP level 4. HP: 32/40 MP: 3/3
  1124 | D:2      | Found a shimmering altar of Xom.
  1475 | D:3      | Found a glowing drain.
  1485 | Sewer    | Entered a sewer
  1553 | Sewer    | Reached XP level 5. HP: 37/47 MP: 4/4
  1755 | Sewer    | HP: 2/47 [river rat (4)]
  2124 | Sewer    | Reached skill level 5 in Shields
  2194 | Sewer    | Reached skill level 5 in Fighting
  2194 | Sewer    | Reached XP level 6. HP: 40/56 MP: 5/5
  2197 | Sewer    | Reached skill level 5 in Armour
  2618 | D:3      | HP: 1/56 [poisoned by a gnoll]
  3030 | D:3      | Reached XP level 7. HP: 44/61 MP: 6/6
  3564 | D:4      | Noticed Purgy
  3583 | D:4      | Killed Purgy
  3824 | D:4      | Reached skill level 5 in Axes
  4304 | D:4      | Noticed Ijyb
  4312 | D:4      | Killed Ijyb
  4659 | D:4      | Reached XP level 8. HP: 70/70 MP: 7/7
  5004 | D:5      | Entered Level 5 of the Dungeon
  5117 | D:5      | Noticed Edmund
  5123 | D:5      | Killed Edmund
  5145 | D:5      | Found a staircase to the Ecumenical Temple.
  5156 | Temple   | Entered the Ecumenical Temple
  5271 | Temple   | Became a worshipper of Warmaster Okawaru
  5529 | D:5      | Found Osodeij's General Store.
  5902 | D:5      | Found a transporter.
  5903 | D:5      | Found a transporter.
  5903 | D:5      | Identified the +9 dire flail "Uhed" {speed, rElec rC+ rN+
                  | Str+4 Stlth-}
  5903 | D:5      | Noticed neozumm's ghost (novice MfGl)
  6402 | D:6      | Found Ytateduemu's Magic Scroll Shoppe.
  6413 | D:6      | Gained mutation: Your mind is acute. (Int +2) [potion of
                  | mutation]
  6413 | D:6      | Gained mutation: Your mind is very acute. (Int +4) [potion
                  | of mutation]
  6413 | D:6      | Gained mutation: Your spells are a little harder to cast,
                  | but a little more powerful. [potion of mutation]
  6413 | D:6      | Gained mutation: You have a pair of large horns on your
                  | head. [potion of mutation]
  6414 | D:6      | Bought a scroll of teleportation for 42 gold pieces
  6414 | D:6      | Bought a scroll of identify for 28 gold pieces
  6414 | D:6      | Bought a scroll of identify for 28 gold pieces
  6414 | D:6      | Bought a scroll of teleportation for 42 gold pieces
  6414 | D:6      | Bought a scroll of fog for 28 gold pieces
  6414 | D:6      | Bought a scroll of fear for 49 gold pieces
  6489 | D:6      | Reached skill level 5 in Dodging
  6529 | D:6      | Reached * piety under Okawaru
  6627 | D:6      | Found a basalt altar of Yredelemnul.
  6630 | D:6      | Reached XP level 9. HP: 73/79 MP: 8/8
  6806 | D:7      | Noticed Pikel
  7713 | D:7      | Killed Pikel
  7713 | D:7      | Reached ** piety under Okawaru
  7785 | D:7      | Reached *** piety under Okawaru
  7785 | D:7      | Reached XP level 10. HP: 79/90 MP: 9/9
  8066 | D:8      | Found Epteful's Armour Shoppe.
  8108 | D:8      | Noticed Maurice
  8126 | D:8      | Killed Maurice
  8229 | D:8      | Noticed Joseph
  8236 | D:8      | Killed Joseph
  8443 | D:9      | Reached **** piety under Okawaru
  8523 | D:9      | Noticed a two-headed ogre
  8596 | D:9      | Killed a two-headed ogre
  9210 | D:9      | Reached skill level 10 in Shields
  9210 | D:9      | Reached XP level 11. HP: 99/99 MP: 8/10
  9414 | D:10     | Entered Level 10 of the Dungeon
  9642 | D:10     | Reached skill level 10 in Armour
  9644 | D:10     | Reached ***** piety under Okawaru
  9702 | D:10     | Noticed a purple ugly thing
  9715 | D:10     | Killed a purple ugly thing
  9715 | D:10     | Reached skill level 10 in Fighting
  9787 | D:10     | Noticed a four-headed hydra
  9810 | D:10     | Killed a four-headed hydra
  9817 | D:10     | Found a flagged portal.
  9830 | Bailey   | Entered a bailey
  9965 | D:10     | Noticed Josephine
  9983 | D:10     | Killed Josephine
  9983 | D:10     | Reached skill level 10 in Axes
 10155 | D:10     | Found a runed door.
 10157 | D:10     | Noticed a spriggan rider
 10158 | D:10     | Identified the +10 spear of Cataclysm {pain, Str+2 Dex+3
                  | Stlth+}
 10158 | D:10     | Noticed YoungGLord's ghost (journeyman GrEE)
 10188 | D:10     | Killed YoungGLord's ghost
 10588 | D:10     | Noticed a two-headed ogre
 10594 | D:10     | Killed a two-headed ogre
 10594 | D:10     | Reached skill level 1 in Polearms
 11279 | D:11     | Received a gift from Okawaru
 11317 | D:11     | Noticed a two-headed ogre
 11346 | D:11     | Killed a two-headed ogre
 11373 | D:11     | Noticed Erica
 11380 | D:11     | Noticed Harold
 11390 | D:11     | Killed Erica
 11390 | D:11     | Reached XP level 12. HP: 88/110 MP: 11/11
 11418 | D:11     | Killed Harold
 11442 | D:11     | Noticed Sonja
 11465 | D:11     | Killed Sonja
 11465 | D:11     | Reached skill level 5 in Polearms
 11581 | D:11     | Found a staircase to the Orcish Mines.
 11660 | D:11     | Found a staircase to the Lair.
 11949 | Lair:1   | Entered Level 1 of the Lair of Beasts
 12124 | Lair:1   | Received a gift from Okawaru
 12476 | Lair:1   | Received a gift from Okawaru
 12661 | Lair:1   | Reached skill level 10 in Dodging
 12945 | Lair:2   | Noticed Gastronok
 12967 | Lair:2   | Killed Gastronok
 13052 | Lair:2   | Found a staircase to the Shoals.
 13093 | Lair:2   | Reached ****** piety under Okawaru
 13156 | Lair:2   | Noticed an eight-headed hydra
 13180 | Lair:2   | Killed an eight-headed hydra
 13824 | Lair:2   | Found a burning altar of Makhleb.
 14063 | Lair:3   | Noticed a seven-headed hydra
 14075 | Lair:3   | Killed a seven-headed hydra
 14102 | Lair:3   | Received a gift from Okawaru
 14232 | Lair:3   | Reached XP level 13. HP: 117/117 MP: 12/12
 15550 | Lair:4   | You fall through a shaft for 2 floors!
 15550 | Lair:6   | Entered Level 6 of the Lair of Beasts
 15846 | Lair:6   | Noticed a dire elephant
 15846 | Lair:6   | Noticed a dire elephant
 15866 | Lair:6   | Killed a dire elephant
 15875 | Lair:6   | Killed a dire elephant
 15998 | Lair:6   | Received a gift from Okawaru
 16002 | Lair:6   | Noticed a dire elephant
 16011 | Lair:6   | Killed a dire elephant
 16122 | Lair:6   | Noticed a dire elephant
 16131 | Lair:6   | Killed a dire elephant
 16222 | Lair:6   | Found a runed door.
 16222 | Lair:6   | Noticed Kriby's ghost (journeyman OpEE)
 16236 | Lair:6   | Killed Kriby's ghost
 16555 | Lair:6   | Found the +15 Maxwell's patent armour {-Cast -Tele rElec
                  | MR+ rCorr}
 16820 | Lair:6   | Noticed a dire elephant
 16828 | Lair:6   | Reached skill level 10 in Polearms
 16843 | Lair:6   | Killed a dire elephant
 17050 | Lair:6   | Noticed a dire elephant
 17061 | Lair:6   | Killed a dire elephant
 17277 | Lair:5   | Received a gift from Okawaru
 17283 | Lair:5   | Identified a scroll of acquirement
 17286 | Lair:5   | Got a clouded pewter amulet
 17288 | Lair:5   | Identified the amulet "Damuant" {Reflect Int+4 Dex+5 SH+2
                  | SInv} (You acquired it on level 5 of the Lair of Beasts)
 17344 | Lair:5   | Found a staircase to the Slime Pits.
 17344 | Lair:5   | Found a viscous altar of Jiyva.
 17373 | Lair:5   | Reached XP level 14. HP: 110/127 MP: 13/13
 17402 | Lair:5   | Found a runed door.
 17406 | Lair:5   | Noticed hemabe's ghost (journeyman HuAr)
 17428 | Lair:5   | Killed hemabe's ghost
 18384 | Lair:4   | Found a staircase to the Snake Pit.
 18470 | Lair:4   | Received a gift from Okawaru
 19145 | Orc:1    | Entered Level 1 of the Orcish Mines
 19145 | Orc:1    | Noticed an orc warlord
 19349 | Orc:1    | Noticed Erolcha
 19389 | D:11     | Killed an orc warlord
 19420 | Orc:1    | Found Didyesamm's Distillery.
 19671 | Orc:1    | Killed Erolcha
 19786 | Orc:1    | Bought a potion of heal wounds for 75 gold pieces
 19786 | Orc:1    | Bought a potion of heal wounds for 75 gold pieces
 19786 | Orc:1    | Bought a potion of heal wounds for 75 gold pieces
 19789 | Orc:1    | Found Gobuom's Weapon Shop.
 19792 | Orc:1    | Found Kauffiug's Food Emporium.
 19820 | Orc:1    | Found Genirot's Book Emporium.
 19950 | Orc:1    | Found Fietijah's General Store.
 19953 | Orc:1    | Bought a scroll of enchant weapon for 90 gold pieces
 19970 | Orc:1    | Found a roughly hewn altar of Beogh.
 20165 | D:12     | Received a gift from Okawaru
 20292 | D:12     | Found Qalustrawk's Book Shop.
 20902 | D:13     | Reached skill level 1 in Evocations
 21003 | D:13     | Found a frozen archway.
 21945 | D:14     | Reached XP level 15. HP: 132/137 MP: 15/15
 21955 | D:14     | Found a gate to the Vaults.
 22088 | D:15     | Entered Level 15 of the Dungeon
 22215 | D:15     | Noticed Nessos
 22225 | D:15     | Killed Nessos
 22345 | D:15     | Found a staircase to the Depths.
 22445 | D:15     | Noticed Louise
 22462 | D:15     | Killed Louise
 22849 | Shoals:1 | Entered Level 1 of the Shoals
 22855 | Shoals:1 | Upgraded the game from 0.23-a0-550-g7de1f8ee9f to
                  | 0.23-a0-554-gd3cbc8420a
 23377 | Shoals:1 | Received a gift from Okawaru
 23391 | Shoals:1 | Found Tanail's Magic Scroll Emporium.
 24519 | Shoals:2 | Reached skill level 15 in Shields
 24519 | Shoals:2 | Reached XP level 16. HP: 141/147 MP: 18/18
 24622 | Shoals:3 | Reached skill level 5 in Evocations
 24656 | Shoals:3 | Reached skill level 15 in Armour
 24656 | Shoals:3 | Reached skill level 1 in Invocations
 24674 | Shoals:3 | Found Gqur's Goods Gallery.
 24719 | Shoals:3 | Received a gift from Okawaru
 25027 | Shoals:3 | Noticed a kraken
 25061 | Shoals:3 | Killed a kraken
 25211 | Shoals:3 | Reached skill level 15 in Fighting
 25222 | Shoals:3 | Noticed Kirke
 25233 | Shoals:3 | Noticed a sphinx
 25249 | Shoals:3 | Killed Kirke
 25712 | Shoals:4 | Entered Level 4 of the Shoals
 25892 | Shoals:4 | Received a gift from Okawaru
 25893 | Shoals:4 | Noticed a kraken
 26821 | Shoals:4 | Reached skill level 5 in Invocations
 27430 | Shoals:4 | Got a pair of pitted gloves {god gift}
 27431 | Shoals:4 | Identified the +1 pair of gloves of Lamnoth {MR+ Str+2}
                  | (Okawaru gifted it to you on level 4 of the Shoals)
 27450 | Shoals:4 | Killed a kraken
 27463 | Shoals:4 | Got a barnacled rune of Zot
 27902 | Snake:1  | Entered Level 1 of the Snake Pit
 28207 | D:8      | Bought the +5 fire dragon scales of Vapics {-Cast rPois
                  | rF++ rC- Int+6} for 1416 gold pieces
 28670 | Snake:1  | Reached XP level 17. HP: 131/156 MP: 20/20
 28833 | Snake:1  | Received a gift from Okawaru
 29706 | Snake:2  | Received a gift from Okawaru
 29826 | Snake:2  | Found a shimmering altar of Xom.
 30686 | Snake:4  | Entered Level 4 of the Snake Pit
 30699 | Snake:4  | Reached skill level 15 in Axes
 31165 | Snake:4  | Noticed Nikola
 32176 | Snake:4  | Killed Nikola
 32176 | Snake:4  | Received a gift from Okawaru
 32211 | Snake:4  | Got a slimy spear {god gift}
 32213 | Snake:4  | Identified the +5 spear of Sistehip {antimagic, rC+}
                  | (Okawaru gifted it to you on level 4 of the Snake Pit)
 32304 | Snake:4  | Reached skill level 15 in Dodging
 32336 | Snake:4  | Reached XP level 18. HP: 74/168 MP: 21/21
 32375 | Snake:4  | Found Sapn's General Store.
 32377 | Snake:4  | Found Nuxke's Antique Armour Emporium.
 32890 | Snake:4  | Received a gift from Okawaru
 33394 | Snake:4  | Got a serpentine rune of Zot
 33872 | Orc:2    | Entered Level 2 of the Orcish Mines
 33896 | Orc:2    | Received a gift from Okawaru
 33897 | Orc:2    | Got a slimy shield {god gift}
 33907 | Orc:2    | Found Irocomon's Antique Armour Boutique.
 33911 | Orc:2    | Identified the +4 shield of Love and Death {rN++ Int+2 SInv
                  | Stlth+} (Okawaru gifted it to you on level 2 of the Orcish
                  | Mines)
 34014 | Orc:2    | Found a staircase to the Elven Halls.
 34057 | Orc:2    | Found Joathemurgh's General Store.
 34074 | Orc:2    | Found Rymurun's Antique Weapon Emporium.
 34093 | Orc:2    | Found a bloodstained altar of Trog.
 34181 | Orc:2    | Found Vuc Zeu's Jewellery Shoppe.
 34629 | Vaults:1 | Entered Level 1 of the Vaults
 34669 | Vaults:1 | Found Qunkekk's General Store.
 34680 | Vaults:1 | Bought a potion of might for 56 gold pieces
 35391 | Vaults:1 | Received a gift from Okawaru
 35439 | Vaults:1 | Reached XP level 19. HP: 177/177 MP: 22/22
 35698 | Vaults:1 | Found Zej Galau's Antique Armour Emporium.
 36319 | Vaults:2 | Received a gift from Okawaru
 36604 | Vaults:2 | Found Garphi's Weapon Shoppe.
 36607 | Vaults:2 | Noticed a lich
 36628 | Vaults:2 | Killed a lich
 37093 | Vaults:2 | Noticed Rupert
 37105 | Vaults:2 | Received a gift from Okawaru
 37107 | Vaults:2 | Killed Rupert
 38341 | Vaults:3 | Found the +3 crown of Dyrovepreva {rElec Int+2 SInv}
 39084 | Vaults:3 | Found a staircase to the Crypt.
 39347 | Vaults:3 | Reached XP level 20. HP: 189/189 MP: 23/23
 39362 | Vaults:3 | Received a gift from Okawaru
 40720 | Vaults:4 | Received a gift from Okawaru
 40838 | Vaults:4 | Noticed Saint Roka
 41240 | Vaults:4 | Found Kawnilel's Weapon Shoppe.
 41275 | Vaults:4 | Killed Saint Roka
 41329 | Vaults:4 | Received a gift from Okawaru
 42371 | Vaults:5 | Entered Level 5 of the Vaults
 42764 | Vaults:5 | Received a gift from Okawaru
 42791 | Vaults:5 | Reached XP level 21. HP: 170/201 MP: 16/24
 42791 | Vaults:5 | Identified the cursed +0 robe of Submission {Str+2}
 43148 | Vaults:5 | Received a gift from Okawaru
 43721 | Vaults:5 | Got a silver rune of Zot
 43774 | Vaults:5 | Identified the +3 scale mail of Jukhla {MP+9 Int+2}
 44084 | Vaults:5 | Received a gift from Okawaru
 45088 | Vaults:5 | Got a shimmering trident {god gift}
 45089 | Vaults:5 | Identified the +0 trident of Exoneration {speed, -Tele
                  | Int+2 Stlth+} (Okawaru gifted it to you on level 5 of the
                  | Vaults)
 45115 | Vaults:5 | Got a black opal-encrusted ring mail {god gift}
 45116 | Vaults:5 | Identified the +2 ring mail of Absolutism {*Slow rElec
                  | rCorr Dex-3} (Okawaru gifted it to you on level 5 of the
                  | Vaults)
 45230 | Vaults:5 | Found Wumnyhah's Jewellery Shoppe.
 45252 | Vaults:5 | Found Wameimorph's Jewellery Shoppe.
 45333 | Vaults:5 | Noticed a golden dragon
 45344 | Vaults:5 | Killed a golden dragon
 45877 | Vaults:5 | Reached XP level 22. HP: 213/213 MP: 25/25
 46201 | Depths:1 | Entered Level 1 of the Depths
 46215 | Depths:1 | Received a gift from Okawaru
 47317 | Depths:1 | Found a gateway to Hell.
 47365 | Depths:1 | Found a one-way gate to the infinite horrors of the Abyss.
 48765 | Depths:1 | Found an opulent altar of Gozag.
 49006 | Depths:2 | Found a magical portal.
 50265 | Depths:2 | Found the +0 Maxwell's etheric cage {RegenMP+ *Contam rElec
                  | MP+4}
 50640 | Depths:3 | Received a gift from Okawaru
 50641 | Depths:3 | Got a faintly glowing scale mail {god gift}
 51458 | Depths:3 | Reached XP level 23. HP: 221/225 MP: 26/26
 51465 | Depths:3 | Found a one-way gate leading to the halls of Pandemonium.
 52274 | Depths:4 | You fall through a shaft!
 52274 | Depths:5 | Entered Level 5 of the Depths
 52274 | Depths:5 | Noticed Jory
 52291 | Depths:5 | Killed Jory
 52396 | Depths:5 | Found a gateway to a ziggurat.
 52603 | Depths:5 | Received a gift from Okawaru
 52606 | Depths:5 | Got an ichor-stained double sword {god gift}
 52607 | Depths:5 | Identified the +3 double sword of Victory {slice, *Rage
                  | Int+4 Dex+8} (Okawaru gifted it to you on level 5 of the
                  | Depths)
 52798 | Depths:5 | Noticed a juggernaut
 53417 | Depths:5 | Found Xerit's Jewellery Emporium.
 53418 | Depths:5 | Found Esaev's Gadget Boutique.
 53418 | Depths:5 | Found Oriu's Gadget Boutique.
 53467 | Depths:5 | Received a gift from Okawaru
 54299 | Depths:5 | Received a gift from Okawaru
 54302 | Depths:5 | Got a translucent war axe {god gift}
 54303 | Depths:5 | Identified the +8 war axe "Gusmeqani" {venom, *Drain rF+
                  | Dex+6} (Okawaru gifted it to you on level 5 of the Depths)
 54539 | Depths:5 | Found a gate to the Realm of Zot.
 54548 | Zot:1    | Entered Level 1 of the Realm of Zot
 54729 | Zot:1    | Noticed an orb of fire
 54733 | Zot:1    | Received a gift from Okawaru
 54749 | Zot:1    | Gained mutation: Scrolls take you a little longer to read.
                  | [an orb of fire]
 54752 | Zot:1    | Gained mutation: You are clumsy. (Dex -2) [an orb of fire]
 54754 | Zot:1    | Gained mutation: You are occasionally teleported next to
                  | monsters. [an orb of fire]
 54756 | Zot:1    | Gained mutation: Your flesh is cold resistant. (rC+) [an
                  | orb of fire]
 54758 | Zot:1    | Killed an orb of fire
 54758 | Zot:1    | Reached XP level 24. HP: 163/236 MP: 26/26
 55580 | Zot:1    | Received a gift from Okawaru
 56997 | Zot:2    | Killed from afar by an electric golem

Vault maps used:
D:1:      onia_arrival_pyramid, serial_bayou_crossing
D:2:      nicolae_overflow_crystal_walls
D:3:      portal_sewer_entry_f, minmay_diced_spiral
D:4:      minmay_chambers_of_twos, minmay_bisected, uniq_ijyb, uniq_purgy
D:5:      wad_pebble_path, temple_fountains, first_ration,
          gammafunk_ghost_smash, serial_shops, shop_fountains,
          minmay_hedge_maze, chequers_jeans, minmay_door_square, uniq_edmund
D:6:      serial_shops, shop, yredelemnul_altar_generic
D:7:      solitary_fountain, uniq_pikel
D:8:      serial_shops, shop, uniq_maurice, uniq_joseph
D:10:     enter_bailey_7, ebering_ghost_funeral_grove, grunt_ogre_cave,
          lemuel_old_faithful, uniq_josephine
D:11:     erik_lair_orcish_takeover, david_orc_2, uniq_sonja, uniq_harold,
          uniq_erica
D:12:     serial_shops, shop, minmay_lindwurm_lava
D:13:     portal_ice_cave_entry_pillars_2
D:14:     david_vaults_5, nicolae_sextant
D:15:     gammafunk_enter_depths_forms, chequers_mini_garden, uniq_louise,
          uniq_nessos
Temple:   kilobyte_greek_temple
Lair:1:   wander_river, wad_woods_river_03
Lair:2:   minmay_shoals_entry_centaurs, gauntlet_entry_generic,
          lemuel_centaur_altar, uniq_gastronok
Lair:3:   lemuel_fruit_fields, minmay_lair_oklob_chamber,
          infiniplex_staircase_pool_2
Lair:4:   guppyfry_snake_entry_island, grunt_megastairs_2
Lair:5:   slime_altar_1, ebering_ghost_reflecting_pool, special_room
Lair:6:   due_jungle_book, ebering_ghost_inner_flame, small_statue_intersection,
          lemuel_fruit_fields
Shoals:1: serial_shops, nicolae_shop_trees
Shoals:3: nicolae_alphabet_shops, uniq_kirke
Shoals:4: shoals_end_hangedman, nicolae_shoals_hunting_party
Snake:1:  st_stairs_8
Snake:2:  skrybe_snakes_to_sticks, serial_bayou_shore_b
Snake:4:  johnstein_snake_rune_scales, minmay_shoptagon, uniq_nikola
Orc:1:    serial_shops, nicolae_shop_crystal, shop, shop,
          nicolae_shop_behind_doors, shop, kennysheep_orc_chapel, uniq_erolcha
Orc:2:    grunt_orc_gardens, grunt_orc_garden, grunt_orc_garden,
          grunt_orc_garden, grunt_orc_garden, basic_altar
Vaults:1: nicolae_vaults_meeting, grunt_vaults_trifunnel,
          ontoclasm_vaults_shuriken, vaults_room_door_ring,
          hangedman_vaults_cutoff, v_misc_11, v_misc_30,
          hangedman_vaults_cutoff, hangedman_vaults_corner_blocks, v_pattern_5,
          vaults_dpeg_ring, v_misc_16, hangedman_vaults_corner_blocks,
          serial_shops, nicolae_shop_waterfront, shop
Vaults:2: hangedman_vaults_restitches, dpeg_vaults_monster_box, v_misc_32,
          v_misc_24, hangedman_vaults_capsules, vaults_mumra_minichess,
          v_misc_14, ontoclasm_vaults_hangar, v_misc_1,
          vaults_dpeg_encased_lava, sword_in_stone
Vaults:3: vaults_mumra_chevron_long, nicolae_vaults_an_arrangement, v_misc_22,
          blue_anna_dwarven_crypt, ontoclasm_vaults_loading_screen,
          hangedman_vaults_snaps, grunt_vaults_diagonal,
          hangedman_vaults_stretched_pinwheel, grunt_vaults_twisty,
          nicolae_vaults_border_crossing, v_misc_27,
          nicolae_vaults_little_squares_4, v_misc_16
Vaults:4: hangedman_vaults_corner, v_misc_28, nicolae_vaults_circle_grid_a,
          ontoclasm_vaults_ligature, ontoclasm_vaults_decontamination,
          v_pattern_1, v_rooms_1, vaults_standard_mumra_x,
          nicolae_vaults_shelves_hall, serial_shops, shop_statue,
          uniq_saint_roka
Vaults:5: serial_shops
Depths:1: hangedman_decor_peaks_small, hell_entry, abyss_entry,
          skrybe_limestone_x, chequers_big_river, kennysheep_flooded_box,
          kennysheep_generic_room_12
Depths:2: cross_vault, grunt_hell_entry_dis_old, minmay_misc_feat_tower,
          mu_enter_wizlab_4, fountainhead
Depths:3: grunt_twist_and_shout, grunt_pan_entry_zigzag, pf_coc_iceberg
Depths:4: minmay_eyes, abyss_entry, hell_entry, serial_bayou_pond_d,
          st_stairs_8, lemuel_flamethrower_3
Depths:5: evilmike_zot_entry_gauntlet, enter_ziggurat_b, hellmouth_1,
          minmay_shop_grove, uniq_jory
Zot:1:    grunt_megastairs_3
Sewer:    sewer_minmay_w
Bailey:   bailey_polearm_2, bailey

Skill      XL: |  1  2  3  4  5  6  7  8  9 10 11 12 13 14 15 16 17 18 19 20 21 22 23 24 |
---------------+-------------------------------------------------------------------------+-----
Shields        | 4 5 6 7 8 10 11 12 13 14 15 16 17 | 17.1
Fighting       | 4 5 6 7 8 9 11 12 13 14 15 16 17 18 20 21 22 23 24 | 24.0
Armour         | 4 5 6 7 8 9 11 12 13 14 15 16 17 18 20 21 22 23 24 | 24.1
Axes           | 3 4 5 6 8 9 10 11 12 13 14 15 16 17 18 19 | 19.0
Dodging        | 1 2 3 4 5 6 8 9 10 11 12 13 14 15 16 17 18 19 20 21 22 | 22.2
Polearms       | 4 8 10 | 10.0
Evocations     | 2 4 6 |  6.2
Invocations    | 5 |  5.7

Action                   |  1- 3 |  4- 6 |  7- 9 | 10-12 | 13-15 | 16-18 | 19-21 | 22-24 || total
-------------------------+-------+-------+-------+-------+-------+-------+-------+-------++-------
Melee: War axe           |    64 |   193 |   200 |   223 |       |       |       |    76 ||   756
       Headbutt          |     9 |    32 |    94 |   173 |   352 |   400 |   398 |   506 ||  1964
       Short sword       |    14 |       |       |       |       |       |       |       ||    14
       Mace              |       |       |   101 |    17 |       |       |       |       ||   118
       Flail             |       |       |    13 |    35 |       |       |       |       ||    48
       Spear             |       |       |       |   360 |   120 |       |       |       ||   480
       Broad axe         |       |       |       |     3 |   938 |  1152 |  1118 |  1153 ||  4364
Throw: Stone             |       |     8 |     1 |       |       |       |       |       ||     9
       Javelin           |       |       |     2 |    30 |    10 |    89 |     1 |    43 ||   175
       Throwing net      |       |       |       |       |     1 |       |       |       ||     1
Invok: Heroism           |       |       |       |    13 |    19 |    18 |    21 |    18 ||    89
       Finesse           |       |       |       |       |     3 |     3 |     6 |     4 ||    16
 Abil: Evoke Flight      |       |       |       |       |       |     4 |       |     1 ||     5
Evoke: Wand              |       |       |       |    11 |    14 |    23 |     2 |    12 ||    62
       Phial of floods   |       |       |       |       |       |       |     1 |     1 ||     2
       Fan of gales      |       |       |       |       |       |       |     1 |     1 ||     2
       Sack of spiders   |       |       |       |       |       |       |       |     2 ||     2
       Lamp of fire      |       |       |       |       |       |       |       |     3 ||     3
       Lightning rod     |       |       |       |       |       |       |       |     2 ||     2
  Use: Scroll            |       |    11 |     5 |     5 |    17 |    16 |    10 |    16 ||    80
       Potion            |       |     6 |     3 |     6 |     9 |     9 |    14 |     8 ||    55
 Stab: Sleeping          |       |       |       |     3 |       |     1 |     2 |       ||     6
       Invisible         |       |       |       |       |       |       |     5 |       ||     5
       Distracted        |       |       |       |       |       |       |     2 |     1 ||     3
  Eat: Chunk             |       |     7 |     8 |     6 |     2 |       |       |     1 ||    24
       Ration            |       |       |     3 |     4 |    10 |    12 |     9 |    10 ||    48
Armor: Scale mail        |    41 |   122 |    34 |       |       |       |       |       ||   197
       Ring mail         |       |       |    62 |   103 |     1 |       |       |       ||   166
       Skin              |       |       |     2 |    10 |       |       |    11 |       ||    23
       Chain mail        |       |       |       |       |    42 |       |       |       ||    42
       Plate armour      |       |       |       |       |   312 |   177 |       |       ||   489
       Fire dragon scale |       |       |       |       |       |   108 |   102 |   112 ||   322
       Gold dragon scale |       |       |       |       |       |       |       |   119 ||   119
Dodge: Dodged            |    28 |   108 |   155 |   227 |   425 |   460 |   361 |   692 ||  2456
Block: Shield            |    41 |   148 |   189 |   300 |   584 |   150 |   808 |  1176 ||  3396
       Reflection        |       |       |       |       |    76 |   218 |   101 |    93 ||   488
       Large shield      |       |       |       |       |   355 |  1308 |       |       ||  1663

Table legend:
 A = Non-vault XP
 B = Vault XP
 C = Vault XP percentage of total XP
 D = Non-vault monster count
 E = Vault monster count
 F = Vault count percentage of total count
                 A         B        C        D         E       F
            +---------+---------+-------+---------+---------+-------
      Total |  638616 |  420587 |  39.7 |    1388 |     601 |  30.2
            +---------+---------+-------+---------+---------+-------
        D:1 |      29 |       0 |   0.0 |      15 |       0 |   0.0
        D:2 |     122 |       0 |   0.0 |      27 |       0 |   0.0
        D:3 |     261 |      21 |   7.4 |      23 |       9 |  28.1
        D:4 |     358 |     344 |  49.0 |      20 |      10 |  33.3
        D:5 |     387 |     164 |  29.8 |      12 |       1 |   7.7
        D:6 |     755 |       0 |   0.0 |      16 |       0 |   0.0
        D:7 |    2413 |     673 |  21.8 |      44 |       1 |   2.2
        D:8 |     105 |     899 |  89.5 |       6 |       2 |  25.0
        D:9 |    4211 |       0 |   0.0 |      38 |       0 |   0.0
       D:10 |    2783 |    4900 |  63.8 |      21 |      16 |  43.2
       D:11 |    7467 |    3400 |  31.3 |      81 |      18 |  18.2
       D:12 |    3460 |       0 |   0.0 |      34 |       0 |   0.0
       D:13 |    6207 |       0 |   0.0 |      20 |       0 |   0.0
       D:14 |    1809 |    3426 |  65.4 |      13 |       6 |  31.6
       D:15 |    7766 |    6782 |  46.6 |      17 |      14 |  45.2
     Lair:1 |    3892 |       0 |   0.0 |      19 |       0 |   0.0
     Lair:2 |    4029 |    2907 |  41.9 |      13 |       7 |  35.0
     Lair:3 |    5820 |    1172 |  16.8 |      22 |       3 |  12.0
     Lair:4 |    9163 |     562 |   5.8 |      35 |       4 |  10.3
     Lair:5 |    7052 |    4323 |  38.0 |      19 |      28 |  59.6
     Lair:6 |   10648 |    4418 |  29.3 |      20 |       7 |  25.9
   Shoals:1 |   14713 |       0 |   0.0 |      33 |       0 |   0.0
   Shoals:2 |   22056 |       0 |   0.0 |      40 |       0 |   0.0
   Shoals:3 |   16770 |    2917 |  14.8 |      31 |       8 |  20.5
   Shoals:4 |   16043 |   20267 |  55.8 |      38 |      32 |  45.7
    Snake:1 |   14464 |     967 |   6.3 |      26 |       2 |   7.1
    Snake:2 |   14705 |       0 |   0.0 |      28 |       0 |   0.0
    Snake:3 |    8607 |       0 |   0.0 |      15 |       0 |   0.0
    Snake:4 |   28314 |   44254 |  61.0 |      44 |      65 |  59.6
      Orc:1 |    2503 |    2333 |  48.2 |      41 |       9 |  18.0
      Orc:2 |    4871 |    8944 |  64.7 |      49 |      12 |  19.7
   Vaults:1 |   20490 |   29900 |  59.3 |      33 |      48 |  59.3
   Vaults:2 |   16456 |   31491 |  65.7 |      43 |      37 |  46.2
   Vaults:3 |   33918 |   19850 |  36.9 |      61 |      29 |  32.2
   Vaults:4 |   31141 |   54327 |  63.6 |      57 |      59 |  50.9
   Vaults:5 |   23934 |  110207 |  82.2 |      33 |      70 |  68.0
   Depths:1 |   55219 |       0 |   0.0 |      69 |       0 |   0.0
   Depths:2 |   49896 |    7751 |  13.4 |      70 |       7 |   9.1
   Depths:3 |   37738 |    9775 |  20.6 |      42 |      15 |  26.3
   Depths:4 |    6230 |    2301 |  27.0 |       8 |       3 |  27.3
   Depths:5 |   61259 |   32829 |  34.9 |      63 |      26 |  29.2
      Zot:1 |   78128 |    8095 |   9.4 |      46 |       5 |   9.8
      Zot:2 |    2424 |       0 |   0.0 |       3 |       0 |   0.0
      Sewer |       0 |     388 | 100.0 |       0 |      48 | 100.0
            +---------+---------+-------+---------+---------+-------
